 Dungeon Crawl Stone Soup version 0.26-a0-598-g61e6210cf4 (webtiles) character file.

Game seed: 3924278951801631460

10521 Gargoyl the Fighter (level 11, 0/89 HPs)
             Began as a Gnoll Abyssal Knight on Aug 28, 2020.
             Was a High Priest of Lugonu.
             Slain by a wyvern (7 damage)
             ... in a volcano.
             The game lasted 00:14:56 (12004 turns).

Gargoyl the Fighter (Gnoll Abyssal Knight)         Turns: 12004, Time: 00:14:56

Health: 0/89       AC: 19    Str: 18    XL:     11   Next: 63%
Magic:  20/20      EV: 15    Int: 15    God:    Lugonu [*****.]
Gold:   558        SH:  5    Dex: 14    Spells: 23/23 levels left

rFire    . . .     SeeInvis .   n - +3 hand axe (flame)
rCold    . . .     Faith    .   (no shield)
rNeg     . . .     Spirit   .   h - +0 chain mail
rPois    .         Reflect  +   d - +2 helmet
rElec    .         Harm     .   k - scarf {repulsion}
rCorr    .                      y - +0 pair of gloves
MR       +....                  c - +2 pair of boots
Stlth    ..........             t - amulet of reflection
HPRegen  0.24/turn              u - ring of protection from magic
MPRegen  0.17/turn              s - +4 ring of evasion

@: repel missiles
A: distributed training, fangs 1, strong nose
a: Depart the Abyss, Bend Space, Banish, Corrupt, Enter the Abyss, Renounce
Religion


You were in a volcano.
You worshipped Lugonu.
Lugonu was extremely pleased with you.
You visited 2 branches of the dungeon, and saw 10 of its levels.
You visited the Abyss 2 times.
You also visited: Volcano.

You collected 558 gold pieces.

Inventory:

Hand Weapons
 a - a +1 hand axe
 n - a +3 hand axe of flaming (weapon)
 v - a +2 quarterstaff of holy wrath
Missiles
 i - 21 boomerangs (quivered)
Armour
 c - a +2 pair of boots (worn)
 d - a +2 helmet (worn)
 h - a +0 chain mail (worn)
 k - a scarf of repulsion (worn)
 y - a +0 pair of gloves (worn)
Jewellery
 f - a cursed amulet of inaccuracy {unknown}
 s - a +4 ring of evasion (right hand)
 t - an amulet of reflection (around neck)
 u - a ring of protection from magic (left hand)
Wands
 g - a wand of paralysis (8)
 A - a wand of enslavement (6)
 C - a wand of acid (8)
Scrolls
 b - 6 scrolls of identify
 e - 5 scrolls of remove curse
 x - a scroll of enchant armour
 z - 4 scrolls of teleportation
 B - a scroll of blinking {unknown}
Potions
 j - 2 potions of haste
 l - a potion of heal wounds
 m - 2 potions of lignification
 o - 2 potions of curing
 p - a potion of cancellation
 q - 2 potions of stabbing
 r - a potion of might


   Skills:
 + Level 9.3 Fighting
 + Level 6.5 Short Blades
 + Level 6.5 Long Blades
 + Level 8.0 Axes
 + Level 6.5 Maces & Flails
 + Level 6.5 Polearms
 + Level 6.5 Staves
 + Level 6.5 Slings
 + Level 6.5 Bows
 + Level 6.5 Crossbows
 + Level 6.5 Throwing
 + Level 8.0 Armour
 + Level 7.0 Dodging
 + Level 6.5 Stealth
 + Level 6.5 Shields
 + Level 6.5 Unarmed Combat
 + Level 6.5 Spellcasting
 + Level 5.3 Conjurations
 + Level 5.3 Hexes
 + Level 5.3 Summonings
 + Level 5.3 Necromancy
 + Level 5.3 Translocations
 + Level 5.3 Transmutations
 + Level 5.3 Fire Magic
 + Level 5.3 Ice Magic
 + Level 5.3 Air Magic
 + Level 5.3 Earth Magic
 + Level 5.3 Poison Magic
 + Level 8.5 Invocations
 + Level 6.5 Evocations


You had 23 spell levels left.
You didn't know any spells.
Your spell library contained the following spells:

 Spells                   Type           Power        Failure   Level
 Beastly Appendage        Tmut           ###...       14%         1
 Wereblood                Tmut           ###.....     22%         2
 Spider Form              Tmut/Pois      ###.......   41%         3
 Ice Form                 Ice/Tmut       ###.....     82%         4
 Blade Hands              Tmut           ###.......   99%         5


Dungeon Overview and Level Annotations

Branches:
Dungeon (9/15)             Temple (0/1) D:7            Lair (1/6) D:9
    Orc (0/2) D:9         Volcano (1/1)

Altars:
Cheibriados
Dithmenos
Fedhas
Gozag
Nemelex Xobeh
Sif Muna
Wu Jian
Xom
Yredelemnul
Beogh

Shops:
D:5 (


Innate Abilities, Weirdness & Mutations

Your experience applies equally to all skills.
You have very sharp teeth.
Your uncanny sense of smell can sniff out nearby items.


Message History

You block the salamander's attack.
The fire bat bites the plant.
The plant is engulfed in flames!
You closely miss the salamander.
The salamander is moderately wounded.
You hit the fire bat.
Your chain mail prevents you from hitting the wyvern.
The fire bat barely misses you.
The wyvern bites you but does no damage.
The fire bat closely misses you.
The salamander hits you with a +3 halberd.
You are engulfed in flames!
* * * LOW HITPOINT WARNING * * *
The wyvern bites you!
* * * LOW HITPOINT WARNING * * *
You hit the salamander but do no damage.
The salamander is moderately wounded.
You slash the fire bat! You hit the wyvern. You burn the wyvern.
A nearby plant withers and dies.
The fire bat completely misses you. The wyvern bites you!
You die...

#§≈≈ ○≈°≈
§§○°§ §§§≈≈
§§..P§
♣.....♣♣♣
....P..b♣♣
♣N@.♣♣
♣..bl♣..♣
♣.....♣♣..♣
.P...§ ♣..♣
....§ ♣♣.♣♣
.♣.§≈ ♣P.P♣
♣§≈ ♣P.♣♣
♣§≈ ♣♣..♣
♣♣..P♣


You could see a salamander (resistant), a wyvern and 2 fire bats.

Vanquished Creatures
  Harold (D:8)
  Erica (D:8)
  The ghost of rasy the Quickloader, a novice MiHu of Okawaru (D:9)
  A deep elf mage (D:9)
  Joseph (D:8)
  A centaur skeleton (D:9)
  A hippogriff (D:8)
  A hornet (D:9)
  8 yaks
  A wyvern (Volcano)
  A fire bat (Volcano)
  A basilisk (D:8)
  A steam dragon (Volcano)
  4 porcupines (D:9)
  3 black bears (D:9)
  2 orc warriors
  A sky beast (D:9)
  3 centaurs
  3 phantoms
  3 wolves
  3 necrophages (D:7)
  2 crocodiles (D:9)
  7 ogres
  A big kobold (D:7)
  5 bullfrogs
  A gnoll sergeant (D:9)
  An elf skeleton (D:7)
  A water moccasin zombie (D:7)
  A wyvern zombie (D:9)
  3 scorpions
  3 killer bees (D:7)
  4 howler monkeys
  4 crimson imps (D:3)
  4 human zombies (D:7)
  2 quasits
  6 orc priests
  3 jellies
  3 bullfrog skeletons
  A gnoll shaman (D:8)
  5 hounds
  3 orc wizards
  2 iguanas
  A human skeleton (D:7)
  8 worker ants
  Natasha (twice) (D:2)
  A hound zombie (D:8)
  3 hound skeletons
  3 mummies (D:7)
  19 gnolls
  A howler monkey skeleton (D:7)
  11 adders
  2 shadow imps
  3 white imps
  4 ufetubi
  An ooze (D:1)
  An adder zombie (D:9)
  2 adder skeletons (D:4)
  A worm (D:5)
  2 dart slugs
  6 leopard geckos
  31 orcs
  3 ball pythons
  5 giant cockroaches
  14 goblins
  6 hobgoblins
  6 jackals
  4 quokkas
  7 bats
  5 frilled lizards
  10 kobolds
  8 rats
274 creatures vanquished.

Vanquished Creatures (others)
  3 wyverns (Volcano)
  4 fungi
  88 plants
95 creatures vanquished.

Grand Total: 369 creatures vanquished

Notes
Turn   | Place    | Note
-------+----------+-------------------------------------------
     0 | Abyss:1  | Gargoyl the Gnoll Abyssal Knight began the quest for the
                  | Orb.
     0 | Abyss:1  | Reached XP level 1. HP: 23/23 MP: 3/3
   116 | Abyss:1  | Reached XP level 2. HP: 3/29 MP: 5/5
   126 | Abyss:1  | Noticed a thrashing horror
   126 | Abyss:1  | Noticed a raiju
   131 | D:1      | Escaped the Abyss
   477 | D:1      | Reached XP level 3. HP: 35/35 MP: 6/6
   479 | D:1      | Reached * piety under Lugonu
  1071 | D:2      | Reached skill level 1 in Short Blades
  1071 | D:2      | Reached skill level 1 in Long Blades
  1071 | D:2      | Reached skill level 1 in Maces & Flails
  1071 | D:2      | Reached skill level 1 in Polearms
  1071 | D:2      | Reached skill level 1 in Staves
  1071 | D:2      | Reached skill level 1 in Slings
  1071 | D:2      | Reached skill level 1 in Bows
  1071 | D:2      | Reached skill level 1 in Crossbows
  1071 | D:2      | Reached skill level 1 in Throwing
  1071 | D:2      | Reached skill level 1 in Stealth
  1071 | D:2      | Reached skill level 1 in Shields
  1071 | D:2      | Reached skill level 1 in Unarmed Combat
  1071 | D:2      | Reached skill level 1 in Spellcasting
  1071 | D:2      | Reached skill level 1 in Evocations
  1076 | D:2      | Reached XP level 4. HP: 35/41 MP: 7/7
  1083 | D:2      | Reached skill level 1 in Conjurations
  1083 | D:2      | Reached skill level 1 in Hexes
  1083 | D:2      | Reached skill level 1 in Summonings
  1083 | D:2      | Reached skill level 1 in Necromancy
  1083 | D:2      | Reached skill level 1 in Translocations
  1083 | D:2      | Reached skill level 1 in Transmutations
  1083 | D:2      | Reached skill level 1 in Fire Magic
  1083 | D:2      | Reached skill level 1 in Ice Magic
  1083 | D:2      | Reached skill level 1 in Air Magic
  1083 | D:2      | Reached skill level 1 in Earth Magic
  1083 | D:2      | Reached skill level 1 in Poison Magic
  1430 | D:2      | Reached ** piety under Lugonu
  1490 | D:2      | Noticed Natasha
  1491 | D:2      | Found an ornate altar of the Wu Jian Council.
  1498 | D:2      | Killed Natasha
  1498 | D:2      | Reached XP level 5. HP: 45/47 MP: 8/8
  1615 | D:2      | Noticed Natasha
  1624 | D:2      | Killed Natasha
  1949 | D:3      | Reached skill level 5 in Invocations
  1949 | D:3      | Reached XP level 6. HP: 47/53 MP: 9/9
  2343 | D:3      | Found a shimmering altar of Xom.
  2399 | D:3      | Reached skill level 5 in Axes
  2399 | D:3      | Reached skill level 5 in Armour
  2979 | D:4      | Reached skill level 7 in Fighting
  2979 | D:4      | Reached XP level 7. HP: 54/60 MP: 10/10
  3066 | D:4      | Reached *** piety under Lugonu
  3151 | D:4      | Found a shadowy altar of Dithmenos.
  3523 | D:4      | Found a roughly hewn altar of Beogh.
  3750 | D:5      | Entered Level 5 of the Dungeon
  4014 | D:5      | Reached XP level 8. HP: 61/67 MP: 12/12
  4044 | D:5      | Found a snail-covered altar of Cheibriados.
  4705 | D:5      | Found Tamif's Weapon Shoppe.
  5774 | D:6      | Reached **** piety under Lugonu
  5845 | D:6      | Found a shimmering blue altar of Sif Muna.
  5904 | D:6      | Reached XP level 9. HP: 53/73 MP: 14/14
  6476 | D:7      | Reached skill level 5 in Dodging
  6574 | D:7      | Found a staircase to the Ecumenical Temple.
  6723 | D:7      | Reached skill level 8 in Fighting
  6803 | D:7      | Found a basalt altar of Yredelemnul.
  7606 | D:7      | Found a blossoming altar of Fedhas.
  7763 | D:8      | Found a snail-covered altar of Cheibriados.
  7775 | D:8      | Noticed Erica
  7786 | D:8      | Reached XP level 10. HP: 72/79 MP: 17/17
  7799 | D:8      | Killed Erica
  7799 | D:8      | Reached skill level 5 in Short Blades
  7799 | D:8      | Reached skill level 5 in Long Blades
  7799 | D:8      | Reached skill level 5 in Maces & Flails
  7799 | D:8      | Reached skill level 5 in Polearms
  7799 | D:8      | Reached skill level 5 in Staves
  7799 | D:8      | Reached skill level 5 in Slings
  7799 | D:8      | Reached skill level 5 in Bows
  7799 | D:8      | Reached skill level 5 in Crossbows
  7799 | D:8      | Reached skill level 5 in Throwing
  7799 | D:8      | Reached skill level 5 in Stealth
  7799 | D:8      | Reached skill level 5 in Shields
  7799 | D:8      | Reached skill level 5 in Unarmed Combat
  7799 | D:8      | Reached skill level 5 in Spellcasting
  7799 | D:8      | Reached skill level 5 in Evocations
  8017 | D:8      | Noticed Harold
  8043 | D:8      | Killed Harold
  8175 | D:8      | Reached ***** piety under Lugonu
  8523 | D:8      | Noticed Joseph
  8542 | D:8      | Killed Joseph
  8900 | D:9      | Noticed a deep elf mage
  9289 | D:9      | Killed a deep elf mage
  9289 | D:9      | Reached XP level 11. HP: 78/86 MP: 19/19
  9673 | D:9      | Reached skill level 9 in Fighting
  9686 | D:9      | Found a staircase to the Lair.
  9697 | D:9      | Reached skill level 5 in Conjurations
  9697 | D:9      | Reached skill level 5 in Hexes
  9697 | D:9      | Reached skill level 5 in Summonings
  9697 | D:9      | Reached skill level 5 in Necromancy
  9697 | D:9      | Reached skill level 5 in Translocations
  9697 | D:9      | Reached skill level 5 in Transmutations
  9697 | D:9      | Reached skill level 5 in Fire Magic
  9697 | D:9      | Reached skill level 5 in Ice Magic
  9697 | D:9      | Reached skill level 5 in Air Magic
  9697 | D:9      | Reached skill level 5 in Earth Magic
  9697 | D:9      | Reached skill level 5 in Poison Magic
  9895 | D:9      | Found a staircase to the Orcish Mines.
 10134 | D:9      | Paralysed by a hornet for 1 turns
 10137 | D:9      | Paralysed by a hornet for 2 turns
 10819 | D:9      | Found an opulent altar of Gozag.
 10820 | D:9      | Found a sparkling altar of Nemelex Xobeh.
 11036 | D:9      | Found a runed translucent door.
 11036 | D:9      | Noticed rasy's ghost (novice MiHu)
 11256 | D:9      | Killed rasy's ghost
 11480 | Lair:1   | Entered Level 1 of the Lair of Beasts
 11491 | Lair:1   | Noticed Sonja
 11499 | Lair:1   | Cast into level 2 of the Abyss (Sonja)
 11506 | Abyss:2  | Noticed a purple very ugly thing
 11506 | Abyss:2  | Noticed a purple ugly thing
 11507 | Lair:1   | Escaped the Abyss
 11554 | Lair:1   | Found a dark tunnel.
 11619 | Volcano  | Entered a volcano
 11985 | Volcano  | Noticed a salamander
 12004 | Volcano  | Slain by a wyvern

Illustrated notes

Levels and vault maps discovered:
D:1:      dpeg_arrival_pits, layout_basic, minmay_tetromino_s4
D:2:      layout_rooms, lemuel_coloured_pillars_altar, uniq_natasha
D:3:      layout_loops_cross, led_xom_imps
D:4:      layout_loops_ring, nicolae_dithmenos_shadow_blocks,
          ebering_dispersal_statue_hall, kennysheep_crisscross,
          kennysheep_orc_chapel
D:5:      layout_cave_pools, serial_shops, kennysheep_mini,
          cheibrodos_worm_habitat
D:6:      layout_basic, led_sif_pool
D:7:      layout_basic, lemuel_round_altar, minmay_temple_entry_trees,
          minmay_curled_crystal, minivault_1, lemuel_mausoleum_altar_yredelemnul
D:8:      layout_basic, lemuel_doored_altar, uniq_harold, uniq_joseph,
          uniq_erica
D:9:      layout_small_grid, grunt_temple_overflow_opulence,
          minmay_lair_entry_grove, orc_0_dummy, gammafunk_ghost_grave
Lair:1:   layout_roguey, nicolae_volcano_entry_lava_flow, serial_bayou_shore_a,
          uniq_sonja
Volcano:  pf_volcano_lost_world

Skill      XL: |  1  2  3  4  5  6  7  8  9 10 11 |
---------------+----------------------------------+-----
Short Blades   | 1 2 3 4 5 6 |  6.5
Long Blades    | 1 2 3 4 5 6 |  6.5
Maces & Flails | 1 2 3 4 5 6 |  6.5
Polearms       | 1 2 3 4 5 6 |  6.5
Staves         | 1 2 3 4 5 6 |  6.5
Slings         | 1 2 3 4 5 6 |  6.5
Bows           | 1 2 3 4 5 6 |  6.5
Crossbows      | 1 2 3 4 5 6 |  6.5
Throwing       | 1 2 3 4 5 6 |  6.5
Stealth        | 1 2 3 4 5 6 |  6.5
Shields        | 1 2 3 4 5 6 |  6.5
Unarmed Combat | 1 2 3 4 5 6 |  6.5
Spellcasting   | 1 2 3 4 5 6 |  6.5
Evocations     | 1 2 3 4 5 6 |  6.5
Conjurations   | 1 2 3 4 5 |  5.3
Hexes          | 1 2 3 4 5 |  5.3
Summonings     | 1 2 3 4 5 |  5.3
Necromancy     | 1 2 3 4 5 |  5.3
Translocations | 1 2 3 4 5 |  5.3
Transmutations | 1 2 3 4 5 |  5.3
Fire Magic     | 1 2 3 4 5 |  5.3
Ice Magic      | 1 2 3 4 5 |  5.3
Air Magic      | 1 2 3 4 5 |  5.3
Earth Magic    | 1 2 3 4 5 |  5.3
Poison Magic   | 1 2 3 4 5 |  5.3
Dodging        | 3 4 5 6 7 |  7.0
Invocations    | 5 6 7 8 |  8.5
Axes           | 5 6 7 8 |  8.0
Armour         | 5 6 7 8 |  8.0
Fighting       | 7 8 9 |  9.3

Action                   |  1- 3 |  4- 6 |  7- 9 | 10-12 || total
-------------------------+-------+-------+-------+-------++-------
Melee: Hand axe          |    81 |   195 |   453 |   515 ||  1244
       Bite              |     6 |    15 |    61 |    68 ||   150
       Punch             |     2 |     1 |     6 |    16 ||    25
Throw: Boomerang         |       |       |     6 |     1 ||     7
Invok: Depart the Abyss  |     1 |       |       |     1 ||     2
  Use: Scroll            |       |     5 |    12 |     8 ||    25
       Potion            |       |     4 |       |     1 ||     5
 Stab: Sleeping          |     2 |       |       |       ||     2
Armor: Leather armour    |    22 |       |       |       ||    22
       Chain mail        |    14 |   147 |   288 |   239 ||   688
Dodge: Dodged            |    52 |   119 |   283 |   303 ||   757
       Repelled          |       |       |     2 |     2 ||     4
Block: Other             |       |       |    39 |   118 ||   157
       Reflection        |       |       |     2 |     7 ||     9

Table legend: (Time is in decaauts)
 A = Elapsed time spent in this place.
 B = Non-inter-level travel time spent in this place.
 C = Inter-level travel time spent in this place.
 D = Time resting spent in this place.
 E = Time spent auto-exploring this place.
 F = Levels seen in this place.
 G = Mean time per level.
                   A        B        C        D        E       F      G
               +--------+--------+--------+--------+--------+-----+--------+
         Total |  12018 |  11758 |    260 |   4229 |   4994 |  13 |  924.5 |
       Dungeon |  11352 |  11132 |    220 |   3846 |   4885 |   9 | 1261.3 |
          Lair |    141 |    101 |     40 |     61 |      9 |   1 |  141.0 |
         Abyss |    143 |    143 |      0 |      9 |     83 |   2 |   71.5 |
       Volcano |    381 |    381 |      0 |    313 |     17 |   1 |  381.0 |
               +--------+--------+--------+--------+--------+-----+--------+

Top non-repeatable levels by time:
     D:9: 1867 daAuts
     D:8: 1818 daAuts
     D:7: 1332 daAuts
     D:5: 1315 daAuts
     D:6: 1219 daAuts
     D:3: 1098 daAuts
     D:4: 1026 daAuts
     D:1: 928 daAuts
     D:2: 747 daAuts
 Volcano: 381 daAuts
  Lair:1: 141 daAuts
 Abyss:1: 131 daAuts
 Abyss:2: 11 daAuts
